BSA
AUSTIN RIVER SHARKS @ SPRINGFIELD STARS
08/04/2029
 
TOP OF THE 1ST
Austin River Sharks batting - Pitching for Springfield Stars : RHP Rien Middelkamp
Pitching: RHP Rien Middelkamp
Batting: LHB Enrico Vargas 0-0: Called Strike
0-1: Ball
1-1: SINGLE (Flyball, 89S)
Batting: RHB Richard Coker 0-0: Called Strike
0-1: Ball
1-1: Ball
2-1: Called Strike
2-2: DOUBLE (Line Drive, 5D)
Enrico Vargas to third
Runner from 3rd tries for Home, SAFE, no throw
Batting: LHB Greg Nelson 0-0: Ball
1-0: Ground out 4-3 (Groundball, 4MS)
Richard Coker to third
Batting: RHB Edward Young 0-0: Ball
1-0: Hit by Pitch
Batting: LHB José Liñares 0-0: Called Strike
0-1: Ball
1-1: Called Strike
1-2: SINGLE (Line Drive, 6MD)
Richard Coker scores
Edward Young to second
Batting: RHB Tony Cruz 0-0: Called Strike
0-1: Grounds into double play, 6-4-3 (Groundball, 6)
Top of the 1st over - 2 runs, 3 hits, 0 errors, 1 left on base; Austin 2 - Springfield 0
BOTTOM OF THE 1ST
Springfield Stars batting - Pitching for Austin River Sharks : RHP José Pérez
Pitching: RHP José Pérez
Batting: RHB Richard Bankhead 0-0: Called Strike
0-1: Ball
1-1: Ball
2-1: Swinging Strike
2-2: Foul Ball, location: 2F
2-2: Foul Ball, location: 2F
2-2: Foul Ball, location: 2F
2-2: Fly out, F7 (Line Drive, 7)
Batting: LHB Mike Pearson 0-0: Ball
1-0: Foul Ball, location: 2F
1-1: Swinging Strike
1-2: Foul Ball, location: 2F
1-2: Strikes out swinging
Batting: LHB Derek Davidson 0-0: Ball
1-0: Ball
2-0: Ball
3-0: Base on Balls
Batting: LHB Felipe Guerrero 0-0: Ball
1-0: Fly out, F8 (Flyball, 8RM)
Bottom of the 1st over - 0 runs, 0 hits, 0 errors, 1 left on base; Austin 2 - Springfield 0
TOP OF THE 2ND
Austin River Sharks batting - Pitching for Springfield Stars : RHP Rien Middelkamp
Batting: RHB Dan Wyatt 0-0: Ball
1-0: Called Strike
1-1: Fly out, F8 (Flyball, 8LXD)
Batting: RHB Andy Aiton 0-0: Fly out, F9 (Flyball, 89M)
Batting: RHB Paul Swift 0-0: Ball
1-0: Fly out, F9 (Flyball, 9LS)
Top of the 2nd over - 0 runs, 0 hits, 0 errors, 0 left on base; Austin 2 - Springfield 0
BOTTOM OF THE 2ND
Springfield Stars batting - Pitching for Austin River Sharks : RHP José Pérez
Batting: LHB Elliott Newell 0-0: Swinging Strike
0-1: Ball
1-1: Ball
2-1: Ball
3-1: Base on Balls
Batting: SHB António De La Cruz 0-0: Fly out, F3 (Popup, 34S)
Batting: LHB Jesús Tobías 0-0: Called Strike
0-1: Ball
1-1: Fly out, F7 (Flyball, 7)
Batting: RHB Calvin Bennett 0-0: Called Strike
0-1: Foul Ball, location: 2F
0-2: SINGLE (Groundball, 56D)
Elliott Newell to second
Batting: RHB Dave Henderson 0-0: Ball
1-0: Foul Ball, location: 2F
1-1: Ball
2-1: Swinging Strike
2-2: Ground out 5-3 (Groundball, 5S)
Bottom of the 2nd over - 0 runs, 1 hit, 0 errors, 2 left on base; Austin 2 - Springfield 0
TOP OF THE 3RD
Austin River Sharks batting - Pitching for Springfield Stars : RHP Rien Middelkamp
Batting: LHB Enrico Vargas 0-0: Ball
1-0: Called Strike
1-1: Called Strike
1-2: TRIPLE (Groundball, 3L)
Batting: RHB Richard Coker 0-0: SINGLE (Groundball, 3D)
Enrico Vargas scores
Batting: LHB Greg Nelson 0-0: Foul Ball, location: 2F
0-1: Ball
1-1: Swinging Strike
1-2: Ball
2-2: Ball
3-2: Fly out, F7 (Line Drive, 7)
Batting: RHB Edward Young 0-0: Called Strike
0-1: Foul Ball, location: 2F
0-2: Strikes out swinging
Batting: LHB José Liñares 0-0: Ball
1-0: Swinging Strike
1-1: Ball
2-1: Swinging Strike
2-2: Foul Ball, location: 2F
2-2: Ball
3-2: SINGLE (Line Drive, 78M)
Richard Coker to second
Richard Coker to third
Batting: RHB Tony Cruz 0-0: Foul Ball, location: 2F
0-1: Ball
1-1: Ball
2-1: Foul Ball, location: 2F
2-2: Strikes out swinging
Top of the 3rd over - 1 run, 3 hits, 0 errors, 2 left on base; Austin 3 - Springfield 0
BOTTOM OF THE 3RD
Springfield Stars batting - Pitching for Austin River Sharks : RHP José Pérez
Batting: RHB Richard Bankhead 0-0: Foul Ball, location: 2F
0-1: Ball
1-1: Foul Ball, location: 2F
1-2: DOUBLE (Groundball, 5L)
Batting: LHB Mike Pearson 0-0: Ground out 6-3 (Groundball, 6)
Richard Bankhead to third
Batting: LHB Derek Davidson 0-0: Ball
1-0: Ball
2-0: Ball
3-0: Base on Balls
Batting: LHB Felipe Guerrero 0-0: Called Strike
0-1: Ball
1-1: SINGLE (Groundball, 34D)
Richard Bankhead scores
Derek Davidson to second
Runner from 2nd tries for 3rd, SAFE, no throw
Batting: LHB Elliott Newell 0-0: Ball
1-0: DOUBLE (Line Drive, 8LD)
Derek Davidson scores
Felipe Guerrero to third
Batting: SHB António De La Cruz 0-0: Ball
1-0: Ball
2-0: Ball
3-0: Base on Balls
Batting: LHB Jesús Tobías 0-0: DOUBLE (Flyball, 7LD)
Felipe Guerrero scores
Elliott Newell scores
António De La Cruz to third
Batting: RHB Calvin Bennett 0-0: Ball
1-0: Ball
2-0: Ball
3-0: Called Strike
3-1: Fly out, F8 (Flyball, 8RM)
Runner from 3rd tags up, SCORES, throw made
Batting: RHB Dave Henderson 0-0: Ball
1-0: Ball
2-0: Ball
3-0: Called Strike
3-1: Ground out U3 (Groundball, 34)
Bottom of the 3rd over - 5 runs, 4 hits, 0 errors, 1 left on base; Austin 3 - Springfield 5
TOP OF THE 4TH
Austin River Sharks batting - Pitching for Springfield Stars : RHP Rien Middelkamp
Batting: RHB Dan Wyatt 0-0: Foul Ball, location: 2F
0-1: Ball
1-1: Ball
2-1: Ball
3-1: Ground out 6-3 (Groundball, 6)
Batting: RHB Andy Aiton 0-0: Foul Ball, location: 2F
0-1: Foul Ball, location: 2F
0-2: Strikes out looking
Batting: RHB Paul Swift 0-0: Called Strike
0-1: Swinging Strike
0-2: Strikes out swinging
Top of the 4th over - 0 runs, 0 hits, 0 errors, 0 left on base; Austin 3 - Springfield 5
BOTTOM OF THE 4TH
Springfield Stars batting - Pitching for Austin River Sharks : RHP José Pérez
Batting: RHB Richard Bankhead 0-0: Fly out, F8 (Flyball, 8LS)
Batting: LHB Mike Pearson 0-0: Ball
1-0: Ball
2-0: Ground out U3 (Groundball, 3L)
Batting: LHB Derek Davidson 0-0: Called Strike
0-1: Swinging Strike
0-2: Foul Ball, location: 2F
0-2: Ball
1-2: Strikes out swinging
Bottom of the 4th over - 0 runs, 0 hits, 0 errors, 0 left on base; Austin 3 - Springfield 5
TOP OF THE 5TH
Austin River Sharks batting - Pitching for Springfield Stars : RHP Rien Middelkamp
Batting: LHB Enrico Vargas 0-0: Ball
1-0: Called Strike
1-1: Ball
2-1: Ground out 4-3 (Groundball, 4)
Batting: RHB Richard Coker 0-0: Fly out, F4 (Line Drive, 4)
Batting: LHB Greg Nelson 0-0: Called Strike
0-1: Ball
1-1: Ground out 4-3 (Groundball, 4)
Top of the 5th over - 0 runs, 0 hits, 0 errors, 0 left on base; Austin 3 - Springfield 5
BOTTOM OF THE 5TH
Springfield Stars batting - Pitching for Austin River Sharks : RHP José Pérez
Batting: LHB Felipe Guerrero 0-0: Called Strike
0-1: Called Strike
0-2: Ball
1-2: Ball
2-2: Fly out, F7 (Flyball, 7LM)
Batting: LHB Elliott Newell 0-0: Ball
1-0: Ball
2-0: Ball
3-0: Called Strike
3-1: Base on Balls
Batting: SHB António De La Cruz 0-0: Called Strike
0-1: Foul Ball, location: 2F
0-2: Ball
1-2: Foul Ball, location: 2F
1-2: Grounds into double play, 4-6-3 (Groundball, 4)
Bottom of the 5th over - 0 runs, 0 hits, 0 errors, 0 left on base; Austin 3 - Springfield 5
TOP OF THE 6TH
Austin River Sharks batting - Pitching for Springfield Stars : RHP Rien Middelkamp
Batting: RHB Edward Young 0-0: Called Strike
0-1: Ground out 4-3 (Groundball, 4M)
Batting: LHB José Liñares 0-0: Ball
1-0: Foul Ball, location: 2F
1-1: Ball
2-1: Ground out 6-3 (Groundball, 6)
Batting: RHB Tony Cruz 0-0: Ball
1-0: Ball
2-0: Ball
3-0: Base on Balls
Batting: RHB Dan Wyatt 0-0: Called Strike
Pickoff Throw to First - Error! E1
Tony Cruz to second
0-1: Swinging Strike
0-2: Foul Ball, location: 2F
0-2: Strikes out swinging
Top of the 6th over - 0 runs, 0 hits, 1 error, 1 left on base; Austin 3 - Springfield 5
BOTTOM OF THE 6TH
Springfield Stars batting - Pitching for Austin River Sharks : RHP José Pérez
Pitching: RHP Jean Burrows
Batting: LHB Jesús Tobías 0-0: Ball
1-0: Foul Ball, location: 2F
1-1: SINGLE (Flyball, 9LS)
Batting: RHB Calvin Bennett 0-0: Ball
1-0: Ball
2-0: Ball
3-0: Base on Balls
Jesús Tobías to second
Batting: RHB Dave Henderson 0-0: Called Strike
0-1: Foul Ball, location: 2F
0-2: Ball
1-2: Strikes out swinging
Batting: RHB Richard Bankhead 0-0: Ball
1-0: Called Strike
Jesús Tobías steals 3rd base
Calvin Bennett to second
1-1: Ground out 6-3 (Groundball, 6)
Batting: LHB Mike Pearson 0-0: Called Strike
0-1: Ball
1-1: Swinging Strike
1-2: Strikes out swinging
Bottom of the 6th over - 0 runs, 1 hit, 0 errors, 2 left on base; Austin 3 - Springfield 5
TOP OF THE 7TH
Austin River Sharks batting - Pitching for Springfield Stars : RHP Rien Middelkamp
Batting: RHB Andy Aiton 0-0: Fly out, F4 (Line Drive, 4)
Batting: RHB Paul Swift 0-0: Ground out 5-3 (Groundball, 56S)
Batting: LHB Enrico Vargas 0-0: Ball
1-0: Ground out 4-3 (Groundball, 4)
Top of the 7th over - 0 runs, 0 hits, 0 errors, 0 left on base; Austin 3 - Springfield 5
BOTTOM OF THE 7TH
Springfield Stars batting - Pitching for Austin River Sharks : RHP Jean Burrows
Batting: LHB Derek Davidson 0-0: Called Strike
0-1: Ground out 4-3 (Groundball, 4S)
Batting: LHB Felipe Guerrero 0-0: Ball
1-0: Ball
2-0: Fly out, F8 (Flyball, 8RXD)
Batting: LHB Elliott Newell 0-0: Ball
1-0: Ball
2-0: Ball
3-0: Called Strike
3-1: Fly out, F3 (Line Drive, 3)
Bottom of the 7th over - 0 runs, 0 hits, 0 errors, 0 left on base; Austin 3 - Springfield 5
TOP OF THE 8TH
Austin River Sharks batting - Pitching for Springfield Stars : RHP Rien Middelkamp
Pitching: LHP Jorge Aybar
Batting: RHB Richard Coker 0-0: Called Strike
0-1: Ball
1-1: Ball
2-1: Foul Ball, location: 2F
2-2: Ball
3-2: Ground out U3 (Groundball, 34)
Batting: LHB Greg Nelson 0-0: Called Strike
0-1: Called Strike
0-2: Strikes out swinging
Batting: RHB Edward Young 0-0: Swinging Strike
0-1: Swinging Strike
0-2: Foul Ball, location: 2F
0-2: Foul Ball, location: 2F
0-2: Strikes out swinging
Top of the 8th over - 0 runs, 0 hits, 0 errors, 0 left on base; Austin 3 - Springfield 5
BOTTOM OF THE 8TH
Springfield Stars batting - Pitching for Austin River Sharks : RHP Jean Burrows
Batting: SHB António De La Cruz 0-0: Ball
1-0: Called Strike
1-1: Foul Ball, location: 2F
1-2: Foul Ball, location: 2F
1-2: Ball
2-2: Ground out 4-3 (Groundball, 34)
Batting: LHB Jesús Tobías 0-0: Called Strike
0-1: Fly out, F6 (Popup, 6)
Batting: RHB Calvin Bennett 0-0: Ball
1-0: Foul Ball, location: 2F
1-1: Ball
2-1: Ball
3-1: Called Strike
3-2: Base on Balls
Batting: RHB Dave Henderson 0-0: Called Strike
0-1: Ball
1-1: Foul Ball, location: 2F
1-2: Fly out, F5 (Line Drive, 5)
Bottom of the 8th over - 0 runs, 0 hits, 0 errors, 1 left on base; Austin 3 - Springfield 5
TOP OF THE 9TH
Austin River Sharks batting - Pitching for Springfield Stars : LHP Jorge Aybar
Batting: LHB José Liñares 0-0: Ball
1-0: Called Strike
1-1: Fly out, F3 (Popup, 34S)
Batting: RHB Tony Cruz 0-0: Ball
1-0: Swinging Strike
1-1: Ball
2-1: Swinging Strike
2-2: Ball
3-2: Foul Ball, location: 2F
3-2: Foul Ball, location: 2F
3-2: Strikes out looking
Batting: RHB Dan Wyatt 0-0: Ground out 5-3 (Groundball, 5)
Top of the 9th over - 0 runs, 0 hits, 0 errors, 0 left on base; Austin 3 - Springfield 5
Saturday, December 16th, 2017 - OOTP Baseball 18.8 Build 76